Map: [ESL] Tropical Sacrifice

Players

SpeCial - Winner!

  • Race: Terran Terran
  • Spawn Location: 7:00

Clem

  • Race: Terran Terran
  • Spawn Location: 1:00

Event: DreamHack SC2 Masters 2022 Valencia

VOD

Have the link to the VOD?

Description

Time

  • Played on: July 2, 2022, 8:15 a.m.
  • Length: 25:07

All games in this series

Show
View Real Time Build Order
Export as new Build Order

SpeCial Terran - Winner!

Build Orders: Gas First Reaper Expand, Mech, Banshee Rush 

Get SALT Encoding   

  12  0:00  SCV  
  13  0:12  SCV  
  14  0:17  Supply Depot  
  14  0:24  SCV  
  15  0:29  Refinery  
  15  0:39  SCV  
  16  0:46  Barracks  
  16  0:51  SCV  
  17  1:03  SCV  
  18  1:15  SCV  
  19  1:32  Orbital Command  
  19  1:33  Reaper  
  20  1:44  Command Center  
  20  1:55  Factory  
  20  1:59  SCV  
  21  2:04  Marine  
  22  2:09  Supply Depot  
  22  2:12  SCV  
  23  2:17  Refinery  
  23  2:30  Marine  
  23  2:31  SCV  
  25  2:39  Hellion  
  25  2:41  Starport  
  25  2:43  SCV  
  28  2:52  Marine  
  28  2:55  SCV  
  28  2:57  Orbital Command  
  30  3:04  Hellion  
  32  3:07  SCV  
  32  3:11  Barracks Tech Lab  
  33  3:19  SCV  
  34  3:23  SCV  
  34  3:26  Widow Mine  
  37  3:28  Refinery  
  37  3:31  SCV  
  38  3:35  Barracks Tech Lab  
  38  3:36  Cloaking Field  
  38  3:41  Banshee  
  38  3:43  SCV x2  
  43  3:51  Supply Depot  
  43  3:55  SCV x2  
  44  4:03  Mag-Field Accelerator  
  44  4:07  SCV x2  
  46  4:12  Cyclone  
  49  4:18  Command Center  
  49  4:22  SCV  
  51  4:24  SCV  
  51  4:27  Banshee  
  54  4:32  Supply Depot  
  54  4:37  SCV x2  
  56  4:44  Cyclone  
  59  4:49  SCV x2  
  61  4:55  Hyperflight Rotors  
  61  5:02  SCV x2  
  63  5:13  Banshee  
  66  5:14  SCV x2  
  68  5:26  SCV  
  68  5:27  Refinery, SCV, Supply Depot  
  70  5:30  Orbital Command, Cyclone  
  70  5:31  Factory  
  73  5:35  Factory  
  73  5:39  SCV x2, Barracks Reactor  
  75  5:50  Orbital Command  
  75  5:51  SCV x2  
  75  5:56  Banshee  
  77  6:03  SCV x2  
  79  6:06  Cyclone  
  82  6:15  SCV x3  
  85  6:22  Engineering Bay  
  85  6:27  Factory Tech Lab, SCV x2  
  85  6:28  SCV  
  92  6:33  Supply Depot  
  92  6:34  Refinery  
  92  6:35  Refinery  
  92  6:39  SCV  
  93  6:40  Supply Depot  
  93  6:43  Supply Depot  
  93  6:48  SCV x2  
  93  6:51  SCV  
  93  6:52  Missile Turret  
  92  6:54  Banshee  
  92  7:00  SCV x2, Siege Tank  
  100  7:01  Armory  
  100  7:02  Armory, Siege Tank  
  100  7:03  SCV  
  100  7:07  Hellion x2  
  108  7:12  SCV x2  
  110  7:15  SCV  
  109  7:23  Supply Depot  
  109  7:24  SCV x2  
  109  7:27  SCV  
  109  7:28  Hellion  
  109  7:29  Hellion  
  116  7:35  Supply Depot  
  116  7:36  SCV, Supply Depot  
  117  7:38  SCV, Siege Tank x2  
  117  7:39  Sensor Tower  
  124  7:45  Banshee  
  124  7:47  SCV  
  124  7:49  SCV, Supply Depot  
  124  7:51  Terran Vehicle Weapons Level 1, Command Center  
  129  7:52  Terran Vehicle And Ship Armor Level 1  
  129  7:54  Factory  
  129  7:57  Factory  
  129  8:00  Hellion x2  
  129  8:01  SCV  
  129  8:03  SCV  
  129  8:04  SCV  
  136  8:11  Siege Tank x2  
  142  8:15  SCV  
  142  8:17  SCV  
  144  8:22  Hellion  
  144  8:23  Hellion  
  144  8:24  SCV, Sensor Tower  
  149  8:27  SCV  
  149  8:30  Supply Depot  
  149  8:31  Supply Depot  
  149  8:32  Raven  
  152  8:35  SCV  
  152  8:36  SCV  
  154  8:42  SCV  
  154  8:44  Factory Tech Lab, Factory Reactor  
  154  8:48  SCV, Siege Tank  
  156  8:52  Siege Tank  
  159  9:02  SCV x2, Missile Turret  
  157  9:06  Refinery  
  157  9:07  Refinery, Planetary Fortress  
  157  9:12  Hellion x2  
  161  9:18  Siege Tank  
  161  9:20  Siege Tank  
  164  9:25  Hellion x3  
  164  9:28  Banshee  
  171  9:35  Command Center  
  171  9:37  Hellion x2  
  175  9:39  Factory x2  
  175  9:40  Infernal Pre-Igniter  
  175  9:46  Hellion, Siege Tank  
  175  9:49  Missile Turret  
  174  9:56  Hellion x2  
  174  9:57  Siege Tank, Missile Turret  
  179  10:11  SCV  
  180  10:17  Siege Tank  
  180  10:21  Hellion x2  
  187  10:24  Terran Vehicle Weapons Level 2  
  187  10:25  Terran Vehicle And Ship Armor Level 2  
  187  10:32  Hellion  
  187  10:34  Siege Tank  
  187  10:35  Siege Tank  
  188  10:40  Factory Tech Lab x2  
  188  10:47  Hellion  
  188  10:49  Siege Tank, Supply Depot, Starport  
  193  10:50  Starport  
  193  10:57  Starport Reactor  
  193  11:02  Missile Turret  
  193  11:04  Missile Turret  
  193  11:06  Siege Tank  
  196  11:20  Command Center  
  196  11:23  Refinery  
  196  11:24  Refinery, Missile Turret  
  196  11:27  Planetary Fortress  
  196  11:28  Missile Turret  
  196  11:33  Missile Turret  
  196  11:34  Starport Reactor x2  
  190  11:45  Thor x2  
  194  11:59  Thor  
  194  12:01  Viking x2  
  189  12:19  Viking  
  189  12:20  Viking x3  
  197  12:23  Supply Depot  
  197  12:25  Command Center  
  197  12:26  Missile Turret  
  193  12:31  Viking x2, Command Center  
  193  12:33  Command Center  
  192  12:39  Hellion x2  
  192  12:40  Siege Tank  
  192  12:41  Hellion, Siege Tank  
  152  12:53  Siege Tank x2  
  152  12:54  Hellion, Siege Tank  
  152  12:55  Viking x3  
  160  13:01  Hellion x2, Viking x2  
  165  13:08  Viking  
  165  13:12  Hellion  
  163  13:13  Siege Tank x2  
  163  13:15  Hellion  
  167  13:21  Planetary Fortress  
  167  13:22  Hellion x2  
  167  13:25  Siege Tank x2  
  167  13:26  Siege Tank  
  180  13:31  Viking  
  180  13:32  Viking  
  180  13:33  Hellion  
  186  13:36  Hellion  
  186  13:40  Orbital Command, Missile Turret  
  188  13:43  Hellion  
  188  13:44  Hellion  
  188  13:45  Viking, Siege Tank x2  
  200  13:49  Terran Vehicle Weapons Level 3  
  200  13:52  Terran Vehicle And Ship Armor Level 3  
  196  14:08  Refinery  
  196  14:10  Refinery  
  196  14:16  Viking x2  
  200  14:22  Hellion  
  198  14:27  Hellion, Thor  
  198  14:29  Thor  
  176  14:31  Viking  
  176  14:32  Viking x2  
  176  14:35  Thor  
  176  14:37  Viking  
  174  14:39  Hellion  
  176  14:46  Hellion, Viking x2  
  176  14:52  Thor  
  188  15:01  Viking, Missile Turret  
  188  15:04  Hellion  
  188  15:06  Hellion  
  194  15:08  Thor  
  194  15:11  Viking  
  200  15:25  Command Center  
  200  15:28  Hellion  
  200  15:38  Drilling Claws  
  200  15:40  Smart Servos  
  195  15:58  Viking x2  
  191  16:05  Viking x2  
  191  16:07  Viking x2  
  197  16:26  Terran Ship Weapons Level 1  
  197  16:40  Viking  
  197  16:44  Starport  
  197  16:45  Starport  
  199  16:53  Viking x2  
  186  16:55  Thor x2  
  186  16:56  Thor  
  200  17:03  Hellion  
  200  17:07  Orbital Command  
  193  17:09  Viking x2  
  193  17:13  Viking x2  
  198  17:20  Hellion  
  194  17:23  Hellion  
  194  17:24  Hellion x2  
  200  17:36  Command Center  
  197  17:41  Hellion x2, Siege Tank  
  200  17:54  Command Center  
  200  17:57  Thor, Command Center  
  200  17:58  Command Center  
  190  17:59  Viking x2  
  190  18:03  Thor  
  190  18:05  Thor  
  164  18:10  Viking x3  
  170  18:13  Hellion x6  
  172  18:22  Viking  
  172  18:25  Thor  
  180  18:27  Missile Turret  
  180  18:29  Viking  
  178  18:38  Viking  
  178  18:40  Viking, Thor  
  186  18:45  Hellion  
  184  18:49  Viking x2  
  184  18:52  Viking  
  159  18:56  Thor  
  145  19:10  Orbital Command x3  
  145  19:13  Siege Tank  
  145  19:16  SCV  
  145  19:17  SCV  
  150  19:22  Siege Tank  
  150  19:24  Hellion  
  155  19:27  Viking  
  155  19:29  SCV  
  158  19:35  Hellion  
  160  19:39  Sensor Tower  
  160  19:41  Planetary Fortress  
  160  19:48  Viking  
  160  19:51  Viking  
  164  19:54  Terran Ship Weapons Level 2  
  164  19:59  Hellion  
  168  20:00  Hellion, Viking  
  168  20:05  SCV  
  168  20:06  SCV  
  172  20:10  Thor x2  
  172  20:12  Hellion  
  182  20:16  Hellion  
  182  20:17  SCV x3  
  182  20:18  SCV x3  
  186  20:25  Viking x2  
  185  20:30  Viking  
  185  20:31  Viking, SCV  
  185  20:35  Thor  
  196  20:39  SCV  
  195  20:46  Viking  
  195  20:49  Orbital Command  
  191  20:51  Thor  
  191  20:56  Orbital Command  
  195  21:01  Viking x3  
  149  21:14  Hellion x3, Siege Tank x2  
  149  21:15  Hellion  
  149  21:16  Orbital Command, Hellion  
  149  21:18  Hellion  
  131  21:27  SCV  
  131  21:28  SCV  
  133  21:35  Hellion x3  
  133  21:36  Hellion x2  
  133  21:38  Siege Tank  
  133  21:39  Siege Tank  
  146  21:45  SCV  
  146  21:46  Siege Tank x2  
  151  21:51  Hellion x2, SCV  
  144  21:55  SCV x2  
  144  21:56  Hellion x2, SCV x2, Siege Tank  
  144  21:59  Hellion  
  144  22:00  Hellion  
  155  22:07  SCV  
  152  22:10  Siege Tank  
  152  22:14  Hellion  
  157  22:18  SCV x2, Siege Tank  
  157  22:19  SCV  
  157  22:21  Sensor Tower  
  157  22:22  SCV  
  164  22:26  Hellion, Siege Tank  
  164  22:28  Hellion  
  171  22:31  Viking  
  171  22:33  Viking  
  171  22:36  Viking  
  175  22:42  Thor  
  175  22:43  Hellion  
  181  22:47  Hellion x3  
  187  22:54  Starport Tech Lab  
  187  22:59  Thor x2  
  187  23:01  Hellion  
  199  23:10  SCV  
  160  23:27  Thor  
  160  23:28  Hellion x2, Thor  
  160  23:32  Hellion x2  
  146  23:34  SCV  
  146  23:35  SCV  
  146  23:36  Refinery  
  146  23:38  Hellion, Refinery, Missile Turret  
  147  23:45  Hellion x2  
  149  23:56  Hellion, Missile Turret  
  149  24:00  Siege Tank  
  149  24:02  Hellion x2  
  158  24:03  Hellion  
  158  24:06  Hellion, Siege Tank  
  165  24:10  Hellion  
  165  24:12  Siege Tank  
  169  24:17  Hellion  
  169  24:24  Hellion x2  
  167  24:25  Hellion  
  166  24:32  Hellion, Siege Tank  
  165  24:38  Hellion  
  165  24:39  Hellion  
  165  24:45  Hellion  
  172  24:49  SCV x2  
Show
View Real Time Build Order
Export as new Build Order

Clem Terran 

Build Orders:  

Get SALT Encoding   

  12  0:00  SCV  
  13  0:12  SCV  
  14  0:17  Supply Depot  
  14  0:24  SCV  
  15  0:39  SCV  
  15  0:40  Barracks  
  16  0:44  Refinery  
  16  0:51  SCV  
  16  0:54  Refinery  
  17  1:03  SCV  
  18  1:15  SCV  
  19  1:27  Orbital Command, Reaper  
  20  1:34  Supply Depot  
  20  1:45  Factory  
  20  1:53  SCV  
  21  1:59  Reaper  
  22  2:05  SCV  
  23  2:22  Command Center  
  23  2:25  SCV  
  24  2:31  Hellion  
  24  2:32  Reaper  
  27  2:37  SCV  
  27  2:42  Supply Depot  
  28  2:49  SCV  
  29  2:53  Starport  
  29  2:54  Factory Tech Lab  
  29  3:01  SCV  
  30  3:13  Cyclone  
  30  3:14  Barracks Tech Lab  
  30  3:16  SCV  
  30  3:19  Refinery  
  34  3:28  SCV  
  35  3:36  Orbital Command  
  35  3:40  SCV  
  34  3:47  Raven  
  36  3:52  SCV  
  37  3:57  Command Center  
  37  4:02  SCV  
  38  4:07  Cyclone  
  38  4:08  SCV  
  42  4:11  Barracks Reactor  
  42  4:14  SCV  
  43  4:17  Supply Depot  
  43  4:20  SCV  
  44  4:26  SCV  
  45  4:32  Raven  
  45  4:33  SCV  
  45  4:38  SCV  
  49  4:39  Supply Depot  
  49  4:45  SCV  
  50  4:47  Siege Tank  
  50  4:48  Marine x2  
  50  4:50  SCV  
  56  4:54  Supply Depot  
  56  4:57  SCV  
  57  5:02  SCV  
  57  5:06  Marine x2  
  60  5:09  SCV x2  
  61  5:14  SCV  
  61  5:21  Refinery, SCV, Siege Tank  
  66  5:22  SCV  
  66  5:26  SCV  
  68  5:31  Viking x2  
  68  5:33  SCV  
  68  5:35  Orbital Command, Marine  
  74  5:38  SCV  
  74  5:41  Supply Depot  
  75  5:45  SCV  
  76  5:51  SCV  
  76  5:55  Orbital Command  
  74  5:57  SCV, Siege Tank, Marine  
  74  6:01  Viking x2  
  74  6:03  SCV  
  84  6:09  SCV, Stimpack  
  85  6:15  Marine, SCV, Supply Depot, Barracks  
  85  6:17  Barracks  
  87  6:20  SCV  
  87  6:21  SCV  
  88  6:27  SCV  
  88  6:31  Viking x2  
  92  6:32  SCV  
  92  6:33  SCV  
  92  6:37  Supply Depot  
  92  6:39  SCV  
  94  6:41  Refinery x2  
  94  6:43  Siege Tank  
  94  6:46  Engineering Bay  
  98  6:47  SCV  
  98  6:48  SCV  
  98  6:50  Engineering Bay  
  99  6:57  Marauder  
  99  6:58  SCV  
  99  6:59  SCV  
  99  7:00  SCV  
  104  7:04  Supply Depot  
  104  7:07  Viking  
  104  7:08  Viking  
  109  7:10  SCV  
  109  7:12  Barracks Reactor  
  109  7:13  Barracks Reactor  
  109  7:14  SCV  
  109  7:15  SCV  
  108  7:17  Supply Depot  
  108  7:18  Marine  
  108  7:21  Missile Turret  
  108  7:22  SCV  
  108  7:23  Missile Turret  
  108  7:25  Terran Infantry Weapons Level 1  
  108  7:26  Missile Turret  
  108  7:28  Terran Infantry Armor Level 1  
  108  7:31  SCV  
  108  7:34  Siege Tank  
  108  7:36  SCV x2, Marine  
  114  7:46  Command Center  
  114  7:48  Supply Depot  
  114  7:51  Marine x2, Sensor Tower  
  115  7:52  Marine  
  115  7:54  Marine x2  
  119  8:01  Supply Depot  
  119  8:03  Supply Depot, Combat Shield  
  119  8:07  Barracks  
  119  8:08  Barracks  
  119  8:12  Marine x2, Marauder  
  122  8:13  Supply Depot, Marine  
  122  8:14  Marine  
  122  8:19  Siege Tank  
  128  8:25  Medivac x2  
  132  8:29  Supply Depot  
  132  8:30  Marine  
  132  8:31  Supply Depot  
  132  8:33  Marauder  
  132  8:34  Marine x3  
  136  8:35  SCV  
  136  8:36  SCV, Missile Turret  
  136  8:39  Supply Depot  
  140  8:47  Armory  
  140  8:55  Marauder  
  142  8:57  Marine x2  
  142  8:58  Marine  
  142  8:59  Viking, Siege Tank  
  142  9:00  Viking  
  142  9:02  SCV x2  
  154  9:03  SCV  
  155  9:13  Barracks Tech Lab x2  
  155  9:16  Refinery, Marauder  
  152  9:18  Refinery, Marine x4  
  152  9:20  SCV x2  
  152  9:21  Concussive Shells  
  152  9:22  Missile Turret  
  158  9:27  Starport  
  158  9:28  Starport  
  158  9:30  Missile Turret  
  157  9:32  Planetary Fortress  
  157  9:34  SCV  
  157  9:37  Marine x3, Marauder  
  157  9:38  Marine, Marauder x2  
  167  9:40  Liberator  
  167  9:44  Viking  
  173  9:50  Siege Tank  
  173  9:52  Supply Depot  
  176  9:56  Terran Infantry Weapons Level 2  
  176  10:07  Marauder x2  
  176  10:08  Marauder  
  176  10:13  Marine x2  
  178  10:14  Liberator  
  181  10:22  Siege Tank  
  181  10:27  Starport Reactor  
  184  10:28  Starport Reactor  
  184  10:29  Marauder x3  
  184  10:31  Viking  
  184  10:32  Marine x3  
  189  10:37  Terran Infantry Armor Level 2  
  189  10:39  Terran Vehicle And Ship Armor Level 1  
  189  10:40  Marine  
  185  10:47  SCV  
  185  10:48  SCV x2  
  185  10:49  Sensor Tower  
  188  10:50  SCV, Marine, Marauder x2  
  188  10:51  Marauder  
  196  10:57  Viking  
  196  10:59  SCV  
  196  11:02  Armory  
  198  11:05  Command Center  
  198  11:07  Viking  
  200  11:13  Fusion Core  
  199  11:19  SCV  
  200  11:53  Supply Depot  
  197  12:00  Marine x2  
  189  12:15  Marauder, Liberator x2, Command Center x2  
  197  12:20  Supply Depot  
  197  12:37  Liberator  
  197  12:38  Marauder, Liberator x2  
  197  12:39  Siege Tank  
  197  12:40  Liberator  
  184  12:50  Marauder x2  
  184  12:51  Marine x2  
  184  12:57  Marine x2, Liberator x2  
  194  12:59  Marauder  
  191  13:09  Marine  
  191  13:11  Marauder, Cyclone  
  191  13:12  Marine  
  189  13:13  Marauder  
  189  13:15  Marine x2  
  189  13:18  SCV  
  183  13:20  Marine, Liberator  
  183  13:21  SCV, Liberator x2  
  183  13:23  Liberator  
  197  13:27  Orbital Command, Marine  
  198  13:38  Missile Turret  
  198  13:39  Refinery x2  
  198  13:40  Liberator  
  199  13:45  Terran Vehicle And Ship Armor Level 2, Terran Ship Weapons Level 1  
  199  13:47  Terran Infantry Weapons Level 3, Terran Infantry Armor Level 3  
  199  13:54  SCV  
  199  13:55  SCV  
  200  13:58  SCV  
  200  14:00  SCV  
  190  14:03  Planetary Fortress  
  189  14:10  Sensor Tower  
  189  14:15  Liberator x2  
  187  14:20  Liberator  
  187  14:22  Viking  
  186  14:25  Viking  
  186  14:27  Marine x3, Marauder  
  186  14:28  Marine x2  
  186  14:30  Viking  
  151  14:41  Marauder  
  151  14:45  Marine x2  
  155  14:46  Marauder  
  155  14:52  Viking  
  159  14:55  Viking  
  159  14:58  Viking  
  163  15:01  Siege Tank  
  166  15:08  Sensor Tower  
  166  15:15  Viking  
  166  15:19  Viking  
  170  15:25  Viking  
  172  15:31  Viking  
  172  15:32  Viking  
  172  15:33  Siege Tank  
  179  15:45  Marine x3, Marauder x3  
  188  15:57  Viking  
  190  15:59  SCV x2  
  190  16:00  SCV x2  
  190  16:01  Marine  
  187  16:06  Marauder x2, Liberator  
  187  16:09  Liberator  
  197  16:12  Liberator  
  197  16:18  Terran Ship Weapons Level 2  
  197  16:22  Viking  
  197  16:24  Viking  
  198  16:30  Viking  
  197  16:44  Marine, Marauder  
  200  16:51  Viking  
  200  16:52  Viking, Liberator  
  188  16:54  Liberator  
  188  16:55  Liberator  
  188  17:00  Viking  
  180  17:11  SCV x2  
  182  17:15  Orbital Command  
  182  17:21  Liberator x2  
  188  17:26  SCV, Siege Tank  
  189  17:30  Liberator  
  189  17:35  Liberator  
  189  17:36  Sensor Tower  
  195  17:37  Liberator  
  195  17:38  Liberator  
  195  17:58  Marine, Cyclone  
  191  17:59  Marine x2, Marauder  
  191  18:01  Orbital Command, Marine  
  191  18:02  Marauder x2  
  191  18:04  Viking x2  
  182  18:13  Liberator  
  182  18:16  Marine  
  182  18:17  Marine  
  182  18:18  Liberator  
  190  18:20  Marauder, Liberator  
  190  18:21  Liberator  
  190  18:23  Marauder  
  193  18:34  Marauder  
  193  18:36  Marine  
  196  18:44  Liberator x2  
  196  18:48  SCV x3  
  193  18:51  Marine  
  193  18:52  Marauder x2  
  174  18:55  Liberator  
  174  18:59  Marine x2  
  174  19:00  SCV, Marauder  
  174  19:01  SCV, Marine  
  160  19:09  Siege Tank, Marine  
  161  19:13  Marine, Marauder  
  164  19:19  Liberator  
  164  19:21  Marine, Liberator  
  164  19:22  Marine x2  
  164  19:23  SCV  
  174  19:26  SCV x2  
  174  19:28  SCV  
  174  19:31  SCV  
  178  19:37  Terran Ship Weapons Level 3  
  178  19:46  Siege Tank, Marine x2  
  178  19:47  Marine x2  
  178  19:48  Marauder  
  187  19:53  Refinery  
  187  19:54  Refinery  
  187  19:55  Marauder  
  187  19:57  Marauder  
  191  20:04  Viking x2, Marine  
  196  20:09  Marauder  
  198  20:16  Viking  
  198  20:25  Liberator x2  
  192  20:28  Marine x2  
  192  20:29  Marine x2, Marauder x2  
  192  20:31  Marauder  
  199  20:39  Siege Tank  
  200  20:46  Marine  
  200  20:47  Liberator  
  193  20:50  Marauder  
  193  20:52  Liberator  
  196  20:57  Command Center  
  188  21:05  Liberator  
  188  21:06  Marine x2, Marauder x2  
  188  21:09  Marine  
  188  21:11  Siege Tank  
  158  21:17  Liberator  
  142  21:19  Marine  
  142  21:23  Marine  
  144  21:25  Marine  
  144  21:28  Marauder x2  
  144  21:30  Marine  
  150  21:33  Liberator  
  150  21:37  Marine  
  154  21:41  Marauder  
  154  21:44  Medivac  
  152  21:49  Marine, Marauder x2  
  152  21:51  Marine  
  143  21:54  Viking  
  143  21:55  Viking, Marine x2  
  146  22:02  Marine  
  146  22:07  Marine  
  144  22:10  Marauder  
  144  22:11  Marauder  
  144  22:13  Viking  
  150  22:16  Refinery  
  150  22:18  Viking x2, Missile Turret  
  150  22:19  Marine x2  
  150  22:22  Refinery  
  156  22:24  Viking  
  158  22:30  Marine x2  
  158  22:32  Marine  
  158  22:33  Marauder  
  158  22:36  Marine  
  162  22:38  Marine x2  
  162  22:42  Planetary Fortress  
  161  22:47  Marine  
  161  22:48  Marine  
  161  22:50  Marauder  
  165  22:51  Viking  
  165  22:54  Marauder x2  
  165  22:57  Marine x2  
  173  23:01  Viking  
  172  23:12  Marauder  
  174  23:15  Marauder  
  174  23:17  Marine, Marauder  
  175  23:21  Marine x2  
  115  23:28  Marine  
  115  23:33  Marauder  
  100  23:34  Viking, Marine  
  100  23:36  SCV  
  100  23:37  SCV, Marauder  
  100  23:38  Marine, Marauder  
  105  23:42  SCV x2  
  105  23:43  SCV  
  105  23:44  SCV  
  105  23:48  Viking, SCV  
  112  23:54  Viking  
  112  23:55  Marauder  
  116  23:58  SCV, Marauder  
  116  24:00  SCV x2  
  121  24:08  SCV x3  
  124  24:10  SCV  
  124  24:12  SCV  
  126  24:17  Liberator  
  129  24:27  Siege Tank  
  129  24:28  Viking x2  
  129  24:29  Marine  
  132  24:33  SCV  
  132  24:34  SCV  
  132  24:35  Marine x2  
  132  24:37  SCV  
  137  24:40  Marine, Marauder  

Tags
 
Add a new tag
Caveats
  • Supply blocks, unpowered buildings, or Contaminate may cause inaccurate times.
  • Supply counts are checked every 10 seconds.